 Dungeon Crawl Stone Soup version 0.31-a0-836-g3ceb0a68c4 (webtiles) character file.

Game seed: 14767439075681041685

136 lunkers the Insei (level 5, -2/40 HPs)
             Began as a Meteoran Shapeshifter on Sept 26, 2023.
             Slain by a sleepcap (6 damage)
             ... on level 3 of the Dungeon.
             The game lasted 00:02:31 (1617 turns).

lunkers the Insei (Meteoran Shapeshifter)           Turns: 1617, Time: 00:02:32

Health: -2/40      AC:  5    Str: 15    XL:     5   Next: 71%
Magic:  6/6        EV: 11    Int: 12    God:
Gold:   188        SH:  0    Dex: 15    Spells: 4/4 levels left

rFire   . .          .
                       - Unarmed
rCold   . . .        (no shield)
rNeg    . . .        s - +0 ring mail
rPois   .            (helmet currently unavailable)
rElec   .            (cloak currently unavailable)
rCorr   .            (gloves currently unavailable)
SInv    .            (boots currently unavailable)
Will    .....        (no amulet)
Stlth   +            (no ring)
HPRegen 0.26/turn    (no ring)
MPRegen 0.10/turn

%: no passive effects
@: beast-form, glowing
A: beast (slay +2), sense surroundings 1, otherworldly, glowing, explore regen
a: Begin Untransformation


You were on level 3 of the Dungeon.
You were a hulking beast.
You visited 1 branch of the dungeon, and saw 4 of its levels.

You collected 188 gold pieces.

Inventory:

Armour
 a - a +0 animal skin
 l - a +1 hat
 m - a +0 pair of boots
 s - a +0 ring mail (worn)
Jewellery
 n - a ring of wizardry
Talismans
 c - a beast talisman (active)
 d - a flux talisman
 r - a granite talisman
Scrolls
 e - 2 scrolls of immolation {unknown}
 i - a scroll of noise {unknown}
 j - a scroll of poison {unknown}
 q - a scroll of vulnerability {unknown}
 t - a scroll of identify {unknown}
Potions
 b - 2 potions of lignification
 f - 2 potions of invisibility {unknown}
 g - 6 potions of curing {unknown}
 h - a potion of magic {unknown}
 k - a potion of resistance {unknown}
 o - a potion of enlightenment {unknown}
 p - a potion of heal wounds {unknown}


   Skills:
 - Level 1.1 Fighting
 - Level 2.1 Dodging
 * Level 6.0 Unarmed Combat
 + Level 4.8 Shapeshifting


You had 4 spell levels left.
You didn't know any spells.
Your spell library was empty.

Dungeon Overview and Level Annotations

Branches:
Dungeon (4/15) Zot: 795
 Temple: D:4-7

Altars:
Elyvilon
Zin
The Shining One

Annotations:
D:4 Ijyb


Innate Abilities, Weirdness & Mutations

You are a hulking beast.
Your limbs bulge with bestial killing power. (Slay +2)
You passively map a small area around you.
You are easily found by Zot.
You glow in the dark.
You regain HP and MP as you explore.


Message History

The adder attacks as it pursues you! The adder bites you but does no damage.
The adder attacks as it pursues you! The adder bites you.
* * * LOW HITPOINT WARNING * * *
You are poisoned.
The adder poisons you!
You feel sick.
There is a stone staircase leading up here.
You feel sick. The adder misses you. The sleepcap barely misses you.
The adder bites you.
* * * LOW HITPOINT WARNING * * *
You climb upwards.
You feel sick.
There is a stone staircase leading down here.
Unknown command.
Unknown command.
You punch the adder!
The adder is severely wounded.
You feel sick. The sleepcap barely misses you.
The adder bites you but does no damage.
You punch the adder!
You kill the adder!
You feel sick. The sleepcap misses you.
Your Unarmed Combat skill increases to level 6!
Unknown command.
You feel sick.
You are no longer poisoned.
The sleepcap attacks as it pursues you! The sleepcap closely misses you.
You hit the sleepcap.
The sleepcap is lightly damaged.
You hit the sleepcap.
The sleepcap is heavily damaged.
The sleepcap releases spores at you.
* * * LOW HITPOINT WARNING * * *
You are engulfed in a cloud of soporific spores!
You fall asleep.
The sleepcap releases spores at you.
You wake up.
* * * LOW HITPOINT WARNING * * *
You hit the sleepcap. You punch the sleepcap.
The sleepcap is heavily damaged.
The sleepcap releases spores at you.
You die...

###........## ##.. #####
#.#######.## ##.#. ,, ...# #.#
##.###.##. ###.## #.#
##.#.###. ##....###.# #..## #.
#.........# #.## #.
##....###.# ##.# #. #.#.## #.#
#).# #. #.#.# #h# #.## #.
#.#.# #f## ##.#* #.
#.#.####..## ##.#.#####.
######.#.##.....# #.###......
#......#.##.....####..#.#####.
#.###..#...............## #.
#.#....####..........### #.
#.#.#.## #.....###### #.
#.....# ####..# #.


You could see a sleepcap.

Vanquished Creatures
  3 gnolls (D:3)
  5 adders
  4 worms
  A dart slug (D:3)
  An orc (D:3)
  4 ball pythons
  5 bats
  2 endoplasms
  A giant cockroach (D:2)
  2 goblins (D:2)
  5 hobgoblins
  4 jackals
  5 frilled lizards (D:1)
  6 kobolds
  3 rats (D:1)
51 creatures vanquished.

Vanquished Creatures (others)
  A jackal (D:4)
1 creature vanquished.

Grand Total: 52 creatures vanquished

Notes
Turn   | Place    | Note
-------+----------+-------------------------------------------
     0 | D:1      | lunkers the Meteoran Shapeshifter began the quest for the
                  | Orb.
     0 | D:1      | Reached XP level 1. HP: 16/16 MP: 2/2
     0 | D:1      | Noticed a demigod
     6 | D:1      | Noticed a dwarf
    11 | D:1      | Noticed a felid
    13 | D:1      | Noticed a demigod
    17 | D:1      | Noticed an elf
    19 | D:1      | Noticed a merfolk
    21 | D:1      | Noticed a minotaur zombie
    80 | D:1      | Reached XP level 2. HP: 22/23 MP: 3/3
    84 | D:1      | Reached skill level 4 in Unarmed Combat
   382 | D:1      | Reached XP level 3. HP: 28/28 MP: 4/4
   503 | D:1      | Glimpsed the power of Zot.
   643 | D:2      | Found a faded altar of an unknown god.
   760 | D:2      | Reached XP level 4. HP: 31/35 MP: 5/5
   956 | D:2      | Reached skill level 5 in Unarmed Combat
  1187 | D:3      | Found a glowing silver altar of Zin.
  1188 | D:3      | Found a white marble altar of Elyvilon.
  1190 | D:3      | Found a glowing golden altar of the Shining One.
  1229 | D:3      | Reached XP level 5. HP: 36/40 MP: 6/6
  1535 | D:4      | Noticed Ijyb
  1613 | D:3      | Reached skill level 6 in Unarmed Combat
  1617 | D:3      | Slain by a sleepcap

Illustrated notes

Levels and vault maps discovered:
D:1:      shiori_arrival_whats_in_store_for_you, layout_basic
D:2:      minmay_inner_zag, layout_basic, hellmonk_ecumenical_altar_lost_god
D:3:      layout_loops_ring, good_gods_temple_1
D:4:      layout_cave_pools, minitemple, serial_bayou, serial_bayou_lagoon_b,
          serial_bayou_ford_a, serial_bayou_lagoon_a, serial_bayou_pond_c,
          serial_shops, nicolae_take_the_stairs, uniq_ijyb

Skill      XL: |  1  2  3  4  5 |
---------------+----------------+-----
Unarmed Combat | 4 5 6 |  6.0
Shapeshifting  | 4 |  4.8
Fighting       | |  1.1
Dodging        | |  2.1

Action                     |  1- 3 |  4- 6 || total
---------------------------+-------+-------++-------
  Melee: Unarmed           |    74 |    79 ||   153
         Punch             |     1 |     4 ||     5
 Armour: Animal skin       |    31 |    21 ||    52
         Ring mail         |       |    29 ||    29
  Dodge: Dodged            |    41 |    43 ||    84

Table legend: (Time is in decaauts)
 A = Elapsed time spent in this place.
 B = Non-inter-level travel time spent in this place.
 C = Inter-level travel time spent in this place.
 D = Time resting spent in this place.
 E = Time spent auto-exploring this place.
 F = Levels seen in this place.
 G = Mean time per level.
                   A        B        C        D        E       F      G
               +--------+--------+--------+--------+--------+-----+--------+
         Total |   1603 |   1524 |     79 |      0 |   1099 |   4 |  400.8 |
       Dungeon |   1603 |   1524 |     79 |      0 |   1099 |   4 |  400.8 |
               +--------+--------+--------+--------+--------+-----+--------+

Top non-repeatable levels by time:
     D:2: 570 daAuts
     D:1: 512 daAuts
     D:3: 498 daAuts
     D:4: 21 daAuts
